 Dungeon Crawl Stone Soup version 0.31.0-1-g2c135a008e (webtiles) character file.

Game seed: 2048548703590114406

46 qw the Shooter (level 3, -2/28 HPs)
             Began as a Djinni Hunter on Jan 23, 2024.
             Slain by a ribbon worm (6 damage)
             ... on level 2 of the Dungeon.
             The game lasted 00:00:03 (801 turns).

qw the Shooter (Djinni Hunter)                       Turns: 801, Time: 00:00:04

Health: -2/28      AC:  9    Str: 10    XL:     3   Next: 95%
Gold:   48         EV: 11    Int: 10    God:
                   SH:  0    Dex: 18

rFire   + + .        a - +0 shortbow
rCold   x . .        (shield currently unavailable)
rNeg    . . .        h - +0 ring mail
rPois   inf          (no helmet)
rElec   .            (no cloak)
rCorr   .            (no gloves)
SInv    .            (boots unavailable)
Will    .....        (no amulet)
Stlth   +            j - +4 ring of protection
HPRegen 0.24/turn    (no ring)
MPRegen 0.00/turn

%: infuse magic (-3 HP)
@: about to teleport, flying
A: sickness immunity, fire resistance 2, cold vulnerability 1, float, innate
caster, HP casting, extra vitality 1
a: no special abilities


You were on level 2 of the Dungeon.
You visited 1 branch of the dungeon, and saw 2 of its levels.

You collected 48 gold pieces.


Innate Abilities, Weirdness & Mutations

You are immune to sickness and miasma.
You are immune to poison.
Your flesh is very heat resistant. (rF++)
You are vulnerable to cold. (rC-)
You float through the air rather than walking.
You learn spells naturally, not from books.
Your magical power is your life essence.
You have superior vitality. (+4 MHP)


   Skills:
 + Level 2.2 Fighting
 - Level 4.0 Ranged Weapons
 - Level 1.3 Armour
 - Level 2.1 Dodging
 - Level 0.7 Stealth


You knew the following spells:

 Your Spells              Type           Power      Damage    Failure   Level
a - Magic Dart            Conj           0%         1d3       67%         1
Your spell library was empty.

Inventory:

Hand Weapons
 a - a +0 shortbow (weapon)
Armour
 h - a +0 ring mail (worn)
Jewellery
 j - a +4 ring of protection (left hand)
Potions
 b - a potion of mutation {unknown}
 i - 2 potions of resistance

Dungeon Overview and Level Annotations

Branches:
Dungeon (2/15)

Altars:


Message History

The ball python bites you but does no damage.
The ball python constricts you. The endoplasm freezes you.
You are frozen.
The endoplasm barely misses you. The ball python closely misses you.
The ball python constricts you.
You shoot an arrow.
The arrow closely misses the ball python.
The ball python bites you but does no damage.
The ball python constricts you. The endoplasm freezes you.
You are frozen.
You feel a terrible chill! The ribbon worm bites you.
You shoot an arrow. The arrow hits the ball python!
You kill the ball python!
The endoplasm closely misses you.
The ribbon worm expels a string of sticky webbing.
The stream of webbing hits you but does no damage.
You are caught in a web!
You struggle to detach yourself from the web.
The endoplasm closely misses you.
You struggle to detach yourself from the web.
The endoplasm freezes you.
You are frozen.
You feel a terrible chill! The ribbon worm bites you.
The web tears apart.
The endoplasm closely misses you. The ribbon worm completely misses you.
You shoot an arrow. The arrow hits the ribbon worm.
The ribbon worm is moderately wounded.
The endoplasm freezes you.
You are frozen.
You feel a terrible chill! The ribbon worm completely misses you.
The endoplasm completely misses you.
800 ||| READING scroll of teleportation.
As you read the scroll of teleportation, it crumbles to dust.
You feel strangely unstable. The ribbon worm misses you.
The endoplasm jiggles.
The endoplasm hits you but does no damage.
You shoot an arrow. The arrow hits the ribbon worm.
The ribbon worm is moderately wounded.
The endoplasm freezes you.
You are frozen.
You feel a terrible chill! The ribbon worm bites you.
You die...

... .. .. ### ..... #.##
...## ..... ... .....
....###.##......
..)......#...#..
#......%...... #....J@# ..
#...%w.# ... #......#
....##.. ...###....###
.......# ###
..........######.....#####..
..........#..........#.....#
..........#..........#.....#
####...###................#
#........####..>.......#


You could see a ribbon worm and an endoplasm.

Vanquished Creatures
  2 adders (D:2)
  A dart slug (D:2)
  3 endoplasms
  A giant cockroach (D:2)
  2 goblins
  A hobgoblin (D:2)
  A quokka (D:1)
  6 ball pythons
  2 bats
  A frilled lizard (D:2)
  4 kobolds
  4 rats
28 creatures vanquished.

Notes
Turn   | Place    | Note
-------+----------+-------------------------------------------
     0 | D:1      | qw the Djinni Hunter began the quest for the Orb.
     0 | D:1      | Reached XP level 1. HP: 18/18 MP: 0/0
     0 | D:1      | 0 ||| qw: Version: 0.3-a-134-g2ba4250
     0 | D:1      | 0 ||| qw: Game counter: 729
     0 | D:1      | 0 ||| qw: Melee chars always use a shield: true
     0 | D:1      | 0 ||| qw: God list: Okawaru
     0 | D:1      | 0 ||| qw: Allow faded altars: false
     0 | D:1      | 0 ||| qw: Do Orc after clearing Dungeon:15 true
     0 | D:1      | 0 ||| qw: Do second Lair branch before Depths: true
     0 | D:1      | 0 ||| qw: Lair rune preference: random
     0 | D:1      | 0 ||| qw: Goals: Normal
     0 | D:1      | 0 ||| PLANNING D:1-11
    18 | D:1      | Found a faded altar of an unknown god.
   173 | D:1      | Reached XP level 2. HP: 15/23 MP: 0/0
   594 | D:1      | 594 ||| UPGRADING to +0 ring mail.
   604 | D:1      | 604 ||| DROPPING +0 leather armour.
   605 | D:1      | 605 ||| UPGRADING to +4 ring of protection.
   606 | D:1      | 606 ||| READING 2 scrolls labelled PIOXIA ZEDA.
   606 | D:1      | 606 ||| IDENTIFYING silvery potion
   607 | D:1      | 607 ||| READING scroll of identify.
   607 | D:1      | 607 ||| IDENTIFYING bubbling emerald potion
   608 | D:1      | 608 ||| READING scroll labelled PAAT AREOPTA.
   609 | D:1      | 609 ||| READING scroll labelled EBOLOA UPUSCH.
   612 | D:1      | 612 ||| DRINKING 3 white potions.
   613 | D:1      | 613 ||| DROPPING scroll of butterflies.
   614 | D:1      | 614 ||| DROPPING potion of degeneration.
   615 | D:1      | 615 ||| DROPPING potion of attraction.
   653 | D:2      | Reached skill level 4 in Ranged Weapons
   653 | D:2      | Reached XP level 3. HP: 28/28 MP: 0/0
   653 | D:2      | Learned a level 1 spell: Magic Dart
   716 | D:2      | 716 ||| FLEEEEING.
   750 | D:2      | Reached skill level 1 in Armour
   799 | D:2      | HP: 7/28 [frozen (4)]
   800 | D:2      | 800 ||| READING scroll of teleportation.
   801 | D:2      | Slain by a ribbon worm

Levels and vault maps discovered:
D:1:      minmay_arrival_checkered_box, layout_loops_ring,
          basic_ecumenical_altar
D:2:      layout_basic, serial_shops, shop, shop, minmay_tromino_mix6

Skill      XL: |  1  2  3 |
---------------+----------+-----
Ranged Weapons | 4 |  4.0
Armour         | 1 |  1.3
Fighting       | |  2.2
Dodging        | |  2.1
Stealth        | |  0.7

Action                     || total
---------------------------++-------
   Fire: Shortbow          ||    87
    Use: Scroll            ||     5
         Potion            ||     1
 Armour: Leather armour    ||     7
         Ring mail         ||    23
  Dodge: Dodged            ||    32

Table legend:
 A = Non-vault XP
 B = Vault XP
 C = Vault XP percentage of total XP
 D = Non-vault monster count
 E = Vault monster count
 F = Vault count percentage of total count
                 A         B        C        D         E       F
            +---------+---------+-------+---------+---------+-------
      Total |      67 |       0 |   0.0 |      28 |       0 |   0.0
            +---------+---------+-------+---------+---------+-------
        D:1 |      18 |       0 |   0.0 |      13 |       0 |   0.0
        D:2 |      49 |       0 |   0.0 |      15 |       0 |   0.0
            +---------+---------+-------+---------+---------+-------
